 Dungeon Crawl Stone Soup version 0.32-a0-891-gc41d80381e (webtiles) character file.

Game seed: 8926343686123761719

557 DeathSun the Cleaver (level 7, -2/57 HPs)
             Began as a Mountain Dwarf Fighter on Apr 3, 2024.
             Slain by Edmund
             ... wielding a +2 dire flail of protection
              (8 damage)
             ... on level 4 of the Dungeon.
             The game lasted 00:05:59 (2671 turns).

DeathSun the Cleaver (Mountain Dwarf Fighter)       Turns: 2671, Time: 00:05:59

Health: -2/57      AC: 10    Str: 18    XL:     7   Next: 9%
Magic:  7/7        EV:  8    Int: 13    God:
Gold:   147        SH:  4    Dex:  9    Spells: 6/6 levels left

rFire   . . .        p - +9 short sword of Spores {flame, Int+2}
rCold   . . .        c - +0 buckler
rNeg    . . .        b - +0 scale mail
rPois   .            u - +0 helmet
rElec   .            (no cloak)
rCorr   .            l - +1 pair of gloves
SInv    .            (no boots)
Will    +....        (no amulet) Stlth
                     (no ring)
HPRegen 0.29/turn    (no ring)
MPRegen 0.10/turn

%: no passive effects
@: enlightened, flying
A: runic magic, artefact enchanting
a: no special abilities


You were on level 4 of the Dungeon.
You visited 1 branch of the dungeon, and saw 4 of its levels.

You collected 147 gold pieces.

Inventory:

Hand Weapons
 a - a +0 war axe
 p - the +9 short sword of Spores (weapon) {flame, Int+2}
   (You took it off a hobgoblin on level 2 of the Dungeon)

   Int+2:     It affects your intelligence (+2).
Armour
 b - a +0 scale mail (worn)
 c - a +0 buckler (worn)
 e - a +0 ring mail of fire resistance
 l - a +1 pair of gloves (worn)
 s - a +2 leather armour of cold resistance
 u - a +0 helmet (worn)
Wands
 r - a wand of paralysis (8)
Scrolls
 j - a scroll of vulnerability {unknown}
 k - 2 scrolls of identify {unknown}
 m - 3 scrolls of amnesia {unknown}
 n - a scroll of acquirement {unknown}
 o - a scroll of brand weapon {unknown}
 v - a scroll of fear {unknown}
Potions
 d - 2 potions of might
 f - a potion of attraction {unknown}
 g - 2 potions of enlightenment
 h - 2 potions of haste {unknown}
 i - 2 potions of mutation {unknown}
 q - a potion of brilliance {unknown}
 t - 3 potions of curing {unknown}


   Skills:
 - Level 3.2 Fighting
 * Level 9.4 Axes
 - Level 3.2 Armour
 - Level 3.2 Shields


You had 6 spell levels left.
You didn't know any spells.
Your spell library contained the following spells:

 Spells                   Type           Power      Damage    Failure   Level
 Tukima's Dance           Hex            0%         N/A       83%         3
 Dimensional Bullseye     Hex/Tloc       0%         N/A       99%         4
 Iskenderun's Mystic Bla Conj/Tloc 0%             2d3        (+2d1     99%         4


Dungeon Overview and Level Annotations

Branches:
Dungeon (4/15)
 Temple: D:4-7

Altars:
Gozag
Kikubaaqudgha

Annotations:
D:4 Edmund


Innate Abilities, Weirdness & Mutations

Your spellcasting is much less encumbered by armour.
You can use scrolls of enchantment on lesser artefacts.


Message History

Edmund hits you with a +2 dire flail of protection.
You hit Edmund. You burn Edmund.
Edmund is moderately wounded.
Edmund hits you with a +2 dire flail of protection!
You puncture Edmund! You burn Edmund.
Edmund is heavily wounded.
Edmund hits you but does no damage.
You hit Edmund but do no damage.
Edmund is heavily wounded.
Edmund completely misses you.
You barely miss Edmund.
Edmund is heavily wounded.
Edmund hits you with a +2 dire flail of protection!
You hit Edmund. You burn Edmund.
Edmund is severely wounded.
You block Edmund's attack.
You hit Edmund. You burn Edmund.
Edmund is severely wounded.
Edmund hits you but does no damage.
You hit Edmund but do no damage.
Edmund is severely wounded.
Edmund hits you with a +2 dire flail of protection!
You barely miss Edmund.
Edmund is severely wounded.
Edmund hits you with a +2 dire flail of protection.
You hit Edmund. You burn Edmund.
Edmund is almost dead.
Edmund hits you but does no damage.
Edmund hits you with a +2 dire flail of protection!
* * * LOW HITPOINT WARNING * * *
You hit Edmund but do no damage.
Edmund is almost dead.
Edmund hits you with a +2 dire flail of protection.
* * * LOW HITPOINT WARNING * * *
It was a potion of enlightenment.
You feel very buoyant.
You fly up into the air.
Edmund hits you with a +2 dire flail of protection!
You die...
Edmund says, "I'd like to see a scythe do that!"

....##......#
............#
............#
....##......+ #
##......#
#.......##### #
#.......##..##+#.#
##......@....>...#
##......@<......#
#.....).........#
#......)##..##..#
#.......##### .#
###..#..# #######


You could see Edmund.

Vanquished Creatures
  Grinder (D:3)
  A scorpion (D:4)
  Ijyb (D:3)
  Natasha (thrice) (D:2)
  An orc wizard (D:2)
  Robin (D:2)
  6 adders
  5 ribbon worms (D:2)
  3 dart slugs
  5 orcs
  5 bats
  An endoplasm (D:2)
  A giant cockroach (D:2)
  13 goblins
  7 hobgoblins
  7 jackals
  4 quokkas
  11 ball pythons
  2 frilled lizards
  9 kobolds
  3 rats
90 creatures vanquished.

Notes
Turn   | Place    | Note
-------+----------+-------------------------------------------
     0 | D:1      | DeathSun the Mountain Dwarf Fighter began the quest for the
                  | Orb.
     0 | D:1      | Reached XP level 1. HP: 19/19 MP: 1/1
    85 | D:1      | Reached skill level 3 in Axes
   151 | D:1      | Reached XP level 2. HP: 26/26 MP: 2/2
   453 | D:1      | Reached skill level 4 in Axes
   860 | D:2      | Found an opulent altar of Gozag.
   877 | D:2      | Reached XP level 3. HP: 19/31 MP: 3/3
  1215 | D:2      | Reached skill level 5 in Axes
  1269 | D:2      | Identified the +9 short sword of Spores {flame, Int+2}
  1316 | D:2      | Reached XP level 4. HP: 38/38 MP: 4/4
  1352 | D:2      | Noticed Natasha
  1362 | D:2      | Killed Natasha
  1534 | D:2      | Reached skill level 6 in Axes
  1752 | D:2      | Noticed Natasha
  1764 | D:2      | Killed Natasha
  1765 | D:2      | Reached XP level 5. HP: 32/45 MP: 5/5
  1767 | D:2      | Noticed Natasha
  1770 | D:2      | Killed Natasha
  1813 | D:3      | Noticed Robin
  1871 | D:2      | Reached skill level 7 in Axes
  2003 | D:2      | Killed Robin
  2043 | D:3      | Found an opulent altar of Gozag.
  2046 | D:3      | You fall into a shaft and drop 1 floor!
  2054 | D:4      | Reached XP level 6. HP: 43/51 MP: 6/6
  2120 | D:3      | Found an ancient bone altar of Kikubaaqudgha.
  2137 | D:3      | Noticed Ijyb
  2141 | D:3      | Paralysed by Ijyb for 2 turns
  2151 | D:3      | Paralysed by Ijyb for 2 turns
  2154 | D:3      | Killed Ijyb
  2155 | D:3      | Reached skill level 8 in Axes
  2308 | D:3      | Noticed Grinder
  2320 | D:3      | Paralysed by Grinder for 5 turns
  2583 | D:3      | Killed Grinder
  2584 | D:3      | Reached skill level 9 in Axes
  2584 | D:3      | Reached XP level 7. HP: 46/57 MP: 7/7
  2642 | D:4      | Noticed Edmund
  2671 | D:4      | Slain by Edmund

Illustrated notes

Levels and vault maps discovered:
D:1:      onia_arrival_mini_maze_b, layout_basic, item_on_display_a
D:2:      layout_basic, basic_altar, minmay_quantized, uniq_natasha
D:3:      layout_basic, mainiacjoe_overflow_small_starburst,
          nicolae_kikubaaqudgha_miasma_corner, shapermc_ecumenical_altar_gd,
          uniq_robin, uniq_grinder, uniq_ijyb
D:4:      layout_gridville, minmay_temple_entry_waves, uniq_edmund

Skill      XL: |  1  2  3  4  5  6 |
---------------+-------------------+-----
Axes           | 3 4 5 6 7 9 |  9.4
Fighting       | |  3.2
Armour         | |  3.2
Shields        | |  3.2

Action                     |  1- 3 |  4- 6 |  7- 9 || total
---------------------------+-------+-------+-------++-------
  Melee: War axe           |    96 |       |       ||    96
         Short sword       |     5 |   147 |    19 ||   171
    Use: Potion            |       |       |     1 ||     1
 Armour: Scale mail        |    73 |   160 |    14 ||   247
  Dodge: Dodged            |    48 |    60 |     4 ||   112
  Block: Buckler           |    29 |    46 |     2 ||    77

Table legend: (Time is in decaauts)
 A = Elapsed time spent in this place.
 B = Non-inter-level travel time spent in this place.
 C = Inter-level travel time spent in this place.
 D = Time resting spent in this place.
 E = Time spent auto-exploring this place.
 F = Levels seen in this place.
 G = Mean time per level.
                   A        B        C        D        E       F      G
               +--------+--------+--------+--------+--------+-----+--------+
         Total |   2722 |   2567 |    155 |      0 |   1855 |   4 |  680.5 |
       Dungeon |   2722 |   2567 |    155 |      0 |   1855 |   4 |  680.5 |
               +--------+--------+--------+--------+--------+-----+--------+

Top non-repeatable levels by time:
     D:2: 1251 daAuts
     D:1: 877 daAuts
     D:3: 466 daAuts
     D:4: 127 daAuts
